 Dungeon Crawl Stone Soup version 0.21.1-1-g345015f (webtiles) character file.

33 kae the Insei (level 3, -1/26 HPs)
             Began as a Demonspawn Transmuter on June 14, 2018.
             Slain by a hobgoblin (3 damage)
             ... led by Robin
             ... on level 2 of the Dungeon.
             The game lasted 00:01:30 (1946 turns).

kae the Insei (Demonspawn Transmuter)               Turns: 1946, Time: 00:01:31

Health: -1/26      AC:  2    Str: 10    XL:     3   Next: 12%
Magic:  5/6        EV: 18    Int: 14    God:
Gold:   115        SH:  0    Dex: 19    Spells: 0/6 levels left

rFire    . . .     SeeInvis .     - Unarmed
rCold    . . .     Gourm    .   (no shield)
rNeg     . . .     Faith    .   b - +0 robe
rPois    .         Spirit   .   (helmet restricted)
rElec    .         Reflect  .   (no cloak)
rCorr    .         Harm     .   (no gloves)
MR       +....                  (no boots)
Stlth    +++.......             (no amulet)
HPRegen  0.08/turn              g - ring of protection from magic
MPRegen  0.10/turn              (no ring)

@: agile
A: antennae 1, sturdy frame 1
a: no special abilities


You were on level 2 of the Dungeon.
You were not hungry.

You visited 1 branch of the dungeon, and saw 3 of its levels.

You collected 115 gold pieces.

Inventory:

Missiles
 a - 47 arrows
Armour
 b - a +0 robe (worn)
Jewellery
 g - a ring of protection from magic (left hand)
 n - an uncursed ring of protection from magic
 o - an uncursed amulet of guardian spirit {unknown}
Scrolls
 e - a scroll of noise {unknown}
 h - 4 scrolls of identify {unknown}
 j - a scroll of random uselessness {unknown}
 k - 3 scrolls of magic mapping {unknown}
 r - a scroll of fog {unknown}
Potions
 f - a potion of agility
 i - 3 potions of haste {unknown}
 l - a potion of might {unknown}
 m - a potion of curing {unknown}
 p - 3 potions of heal wounds {unknown}
 s - a potion of lignification {unknown}
Books
 c - a book of Changes

   Spells                             Type                      Level
   a - Beastly Appendage              Transmutation                1
   b - Sticks to Snakes               Transmutation                2
   c - Spider Form                    Transmutation/Poison         3
   d - Ice Form                       Ice/Transmutation            4
   e - Blade Hands                    Transmutation                5
 q - a book of Geomancy

   Spells                             Type                      Level
   a - Sandblast                      Earth                        1
   b - Passwall                       Transmutation/Earth          2
   c - Stone Arrow                    Conjuration/Earth            3
   d - Petrify                        Transmutation/Earth          4
   e - Lee's Rapid Deconstruction     Earth                        5
Comestibles
 d - 3 rations
 t - 3 chunks of flesh


   Skills:
 + Level 1.4 Fighting
 + Level 2.1 Dodging
 * Level 3.1 Unarmed Combat
 + Level 2.3 Spellcasting
 + Level 2.0 Transmutations


You couldn't memorise any spells.
You knew the following spells:

 Your Spells              Type           Power        Failure   Level  Hunger
a - Beastly Appendage     Tmut           #.....       10%         1    #......
b - Sticks to Snakes      Tmut           #.......     16%         2    ###....
c - Spider Form           Tmut/Pois      #.........   41%         3    ###....


Dungeon Overview and Level Annotations

Branches:
Dungeon (3/15)

Altars:

Annotations:
D:3 Robin


Innate Abilities, Weirdness & Mutations

You have a pair of small antennae on your head.
Your movements are slightly less encumbered by armour. (ER -2)


Message History

You hit the hobgoblin.
You kill the hobgoblin!
Your transformation has ended.
Your +0 robe unmelds from your body.
The hobgoblin hits you. The goblin closely misses you.
You punch the goblin!
You kill the goblin!
The hobgoblin closely misses you.
You hit the hobgoblin but do no damage. The hobgoblin hits you.
* * * LOW HITPOINT WARNING * * *
You closely miss the hobgoblin. The hobgoblin misses you.
You closely miss the hobgoblin. The hobgoblin hits you.
* * * LOW HITPOINT WARNING * * *
Things that are here:
a whip; a stone The hobgoblin no longer looks unusually strong.
It was a potion of agility.
You feel agile all of a sudden. The hobgoblin hits you.
You die...

..............#..................
.#.....................#.....♣♣♣♣
.........................###.....
.......................### ##♣♣♣♣
♣......................#
...................##.##
♣.♣................##.#
...............P♣####.#
♣.♣...........Pg@.###.#
.............#..♣..##.#
♣.........###..♣♣.P##.#
.........##....♣♣♣..#.#
.#....#..##.#P♣♣♣.PP#.#
.#..#...##....PP♣♣PP#.#
.#.....##......P♣P.P..#
....#...#..##..PP♣....#
....#.#....####...P.#.#


You could see a hobgoblin.

Vanquished Creatures
  2 oozes (D:1)
  6 goblins
  5 hobgoblins
  A quokka (D:2)
  A bat (D:2)
  2 frilled lizards
  2 kobolds
  5 rats
24 creatures vanquished.

Notes
Turn   | Place    | Note
-------+----------+-------------------------------------------
     0 | D:1      | kae the Demonspawn Transmuter began the quest for the Orb.
     0 | D:1      | Reached XP level 1. HP: 15/15 MP: 3/3
   114 | D:1      | Lost mutation: You have a pair of horns on your head. [demonic ancestry]
   114 | D:1      | Lost mutation: You have a pair of small horns on your head. [demonic ancestry]
   114 | D:1      | Gained mutation: You have a pair of small antennae on your head. [demonic ancestry]
   114 | D:1      | Reached XP level 2. HP: 19/21 MP: 3/5
   401 | D:1      | Reached skill level 3 in Unarmed Combat
   576 | D:1      | You fall through a shaft!
  1774 | D:3      | Noticed Robin
  1794 | D:2      | Gained mutation: Your movements are slightly less encumbered by armour. (ER -2) [demonic ancestry]
  1794 | D:2      | Reached XP level 3. HP: 17/26 MP: 6/6
  1914 | D:2      | Learned a level 2 spell: Sticks to Snakes
  1918 | D:2      | Learned a level 3 spell: Spider Form
  1934 | D:2      | HP: 1/26 [hobgoblin[Robin] (6)]
  1946 | D:2      | Slain by a hobgoblin

Skill      XL: |  1  2 |
---------------+-------+-----
Dodging        | 2 |  2.1
Unarmed Combat | 3 |  3.1
Transmutations | 2 |  2.0
Fighting       | |  1.4
Spellcasting   | |  2.3

Action                   || total
-------------------------++-------
Melee: Unarmed           ||    64
       Kick              ||    10
       Headbutt          ||     1
       Punch             ||     1
 Cast: Beastly Appendage ||    10
       Spider Form       ||     1
  Use: Potion            ||     1
 Stab: Sleeping          ||     1
  Eat: Ration            ||     1
Armor: Robe              ||     7
Dodge: Dodged            ||    44
